 Dungeon Crawl Stone Soup version 0.28-a0-8-g6e044cfa68 (webtiles) character file.

Game seed: 11290296951011409428

168 Sobieck the Skirmisher (level 5, -4/44 HPs)
             Began as a Palentonga Berserker on July 23, 2021.
             Was a Believer of Trog.
             Slain by Grinder (9 damage)
             ... on level 3 of the Dungeon.
             The game lasted 00:04:09 (2360 turns).

Sobieck the Skirmisher (Palentonga Berserker)       Turns: 2360, Time: 00:04:09

Health: -4/44      AC:  6    Str: 21    XL:     5   Next: 24%
Magic:  5/5        EV:  9    Int: 14    God:    Trog [**....]
Gold:   98         SH:  0    Dex:  9    Spells: 4/4 levels left

rFire   . . .      SeeInvis +   p - +0 war axe {axe}
rCold   + . .      Faith    .   (no shield)
rNeg    . . .      Spirit   .   f - +0 ring mail {rC+}
rPois   .          Reflect  .   (no helmet)
rElec   .          Harm     .   (no cloak)
rCorr   .          Rampage  .   (no gloves)
Will    .....                   (no barding)
Stlth   ..........              (no amulet)
HPRegen 0.14/turn               k - +6 ring of intelligence
MPRegen 0.09/turn               (no ring)

@: on berserk cooldown, slowed, very slow
A: large, rugged brown scales 3, see invisible, deformed body, roll 1, armoured
tail
a: Rolling Charge, Renounce Religion, Berserk, Trog's Hand


You were on level 3 of the Dungeon.
You worshipped Trog.
Trog was pleased with you.
You visited 1 branch of the dungeon, and saw 3 of its levels.

You collected 98 gold pieces.


Innate Abilities, Weirdness & Mutations

You are completely covered in rugged brown scales. (AC +3, +7% HP)
You have supernaturally acute eyesight. (SInv)
Armour fits poorly on your strangely shaped body.
You can roll at nearby foes to attack.
You have a long armoured tail.


   Skills:
 + Level 3.9 Fighting
 + Level 3.9 Axes
 + Level 2.6 Armour
 + Level 2.6 Dodging


You had 4 spell levels left.
You didn't know any spells.
Your spell library contained the following spells:

 Spells                   Type           Power      Damage    Failure   Level
 Foxfire                  Conj/Fire      0%         2x1d4     43%         1
 Conjure Flame            Conj/Fire      0%         6-21      80%         3
 Inner Flame              Hex/Fire       0%         N/A       80%         3
 Portal Projectile        Hex/Tloc       0%         N/A       80%         3
 Stone Arrow              Conj/Erth      0%         3d7       80%         3
 Blade Hands              Tmut           0%         N/A       100%        5
 Bolt of Magma            Conj/Fire/Erth 0%         4d4       100%        5
 Excruciating Wounds      Necr           0%         N/A       100%        5
 Shatter                  Erth           0%         3d5*      100%        9

Inventory:

Hand Weapons
 a - a +0 hand axe {axe}
 p - a +0 war axe (weapon) {axe}
   (You found it on level 3 of the Dungeon)
Missiles
 e - 5 datura-tipped darts {throwing}
 g - 23 arrows
 j - 71 stones {throwing}
 r - 22 sling bullets
 u - 20 bolts
Armour
 b - a +0 animal skin
 f - a +0 ring mail of cold resistance (worn)
   (You found it on level 1 of the Dungeon)
Jewellery
 k - a +6 ring of intelligence (left hand)
   (You found it on level 2 of the Dungeon)
Scrolls
 d - a scroll of vulnerability {!r!r}
 l - 2 scrolls of blinking {unknown}
 m - a scroll of magic mapping {unknown}
 n - 2 scrolls of identify {unknown}
 q - a scroll of noise {unknown}
 s - a scroll of fog {unknown}
Potions
 h - a potion of haste {unknown}
 i - a potion of magic {unknown}
 o - a potion of lignification {unknown}
 t - a potion of flight {unknown}

Dungeon Overview and Level Annotations

Branches:
Dungeon (3/15)

Altars:

Shops:
D:1 =

Annotations:
D:3 Grinder

.. ..# #.# #.# #.#
##.######## ..#
#.........# ....#.#.#
#.........# ....#.#.#
#.........#
....#.#)####.........#
#...............@5.....#
#.#.##..#.##.#.........#
#...##..#.##.##...#+####
#.#.##..#.#..##......
#.#.......#..##...#.#
#.#.##..###..##...#.#
#.#.##..###.......#.#
....)...............
###)..............#


You could see Grinder.


Message History

The kobold hits you but does no damage.
The hobgoblin hits you but does no damage.
You barely miss the hobgoblin. You closely miss the kobold.
The kobold hits you but does no damage.
The hobgoblin hits you but does no damage.
The kobold hits you with a +0 short sword. 😕 HP[-5]
You take 5 damage, and now have 38/44 hp.
You hit the hobgoblin. You hit the kobold.
You kill the kobold!
Trog accepts your kill. The hobgoblin hits you.
The hobgoblin hits you but does no damage. 😕 HP[-1]
You take 1 damage, and now have 37/44 hp.
You hit the hobgoblin but do no damage. The hobgoblin hits you. 😕 HP[-1]
You take 1 damage, and now have 36/44 hp.
You slash the hobgoblin!
You kill the hobgoblin!
Trog accepts your kill. 😕 HP[+1] No target in view!
Things that are here:
a +0 dagger {short}; a goblin corpse; 😎 HP[+7]
Your hp is fully restored (44).
n - 2 scrolls labelled WOUCVA YTAGEPHEZE (gained 1)
u - 20 bolts You see here a +0 hand axe {axe}.
You open the door.
There is an open door here.
You see here a +0 dagger {short}.
Grinder comes into view.
Grinder shouts!
Grinder blinks!
A red film seems to cover your vision as you go berserk!
You feel yourself moving faster!
You feel mighty! Grinder gestures at you.
You resist with significant effort. 😎 HP[+22]
You now have 66 max hp (+22).
Your hp is fully restored (66).
You feel a strong urge to attack something.
You closely miss Grinder. Grinder barely misses you.
You closely miss Grinder. You closely miss Grinder. Grinder gestures at you.
You resist with significant effort.
You closely miss Grinder. You tail-slap Grinder! Grinder closely misses you.
You hit Grinder.
Your tail-slap misses Grinder.
Grinder barely misses you.
You closely miss Grinder. Grinder hits you.
You writhe in agony. 😕 HP[-6]
You take 6 damage, and now have 60/66 hp.
You barely miss Grinder.
You are no longer berserk.
You are exhausted.
You feel yourself slow down. Grinder hits you. 😕 HP[-25]
You now have 44 max hp (-22).
You take 25 damage, and now have 35/44 hp.
MASSIVE DAMAGE!! (PAUSE)
You barely miss Grinder. Grinder hits you.
You writhe in agony.
Grinder hits you.
* * * LOW HITPOINT WARNING * * *
You writhe in agony.
* * * LOW HITPOINT WARNING * * *
😨 HP[-17]
You take 17 damage, and now have 18/44 hp.
MASSIVE DAMAGE!! (PAUSE)
You slash Grinder! Grinder hits you.
* * * LOW HITPOINT WARNING * * *
You writhe in agony.
* * * LOW HITPOINT WARNING * * *
Grinder hits you.
* * * LOW HITPOINT WARNING * * *
You writhe in agony.
* * * LOW HITPOINT WARNING * * *
😱 HP[-11]
You take 11 damage, and now have 7/44 hp.
MASSIVE DAMAGE!! (PAUSE)
You hit Grinder. Grinder hits you.
* * * LOW HITPOINT WARNING * * *
You writhe in agony.
* * * LOW HITPOINT WARNING * * *
Grinder hits you but does no damage. 😱 HP[-6]
You take 6 damage, and now have 1/44 hp.
Unknown command.
It was a potion of curing.
You feel better. Grinder closely misses you. 😱 HP[+8]
You regained 8 hp, and now have 9/44 hp.
You closely miss Grinder. Grinder hits you.
* * * LOW HITPOINT WARNING * * *
You writhe in agony.
* * * LOW HITPOINT WARNING * * *
Grinder barely misses you. 😱 HP[-4]
You take 4 damage, and now have 5/44 hp.
You closely miss Grinder. Grinder hits you!
You die...

Skill      XL: |  1  2 |
---------------+-------+-----
Armour         | 2 |  2.6
Dodging        | 2 |  2.6
Fighting       | |  3.9
Axes           | |  3.9

Action                   |  1- 3 |  4- 6 || total
-------------------------+-------+-------++-------
Melee: Hand axe          |    94 |    35 ||   129
       Tailslap          |     6 |     7 ||    13
       War axe           |       |    23 ||    23
Invok: Berserk           |     4 |     4 ||     8
 Abil: Rolling Charge    |    24 |     8 ||    32
  Use: Scroll            |     2 |       ||     2
       Potion            |       |     1 ||     1
Armor: Animal skin       |     6 |       ||     6
       Ring mail         |    31 |    16 ||    47
Dodge: Dodged            |    44 |    27 ||    71

Levels and vault maps discovered:
D:1:      elethiomel_arrival_shortcut, layout_rooms, serial_shops, shop
D:2:      layout_rooms, shapermc_ecumenical_altar_acropolis, minmay_heptomino_l4
D:3:      layout_basic, uniq_grinder

Notes
Turn   | Place    | Note
-------+----------+-------------------------------------------
     0 | D:1      | Sobieck the Palentonga Berserker began the quest for the
                  | Orb.
     0 | D:1      | Reached XP level 1. HP: 19/19 MP: 1/1
     0 | D:1      | magus.rc [v1.9.6]
   241 | D:1      | Reached XP level 2. HP: 21/25 MP: 2/2
   368 | D:1      | Found Juilung's Jewellery Shop.
   423 | D:1      | Reached skill level 2 in Armour
   427 | D:1      | Reached ** piety under Trog
   428 | D:1      | Reached skill level 2 in Dodging
   428 | D:1      | Reached XP level 3. HP: 31/31 MP: 3/3
  1243 | D:2      | Reached XP level 4. HP: 37/37 MP: 4/4
  1279 | D:2      | Found a faded altar of an unknown god.
  1347 | D:2      | You pick up a book of Weapons {forbidden} and begin
                  | reading...
  1347 | D:2      | You add the spells Portal Projectile, Excruciating Wounds
                  | and Blade Hands to your library.
  1612 | D:3      | You pick up a book of Flames {forbidden} and begin
                  | reading...
  1612 | D:3      | You add the spells Foxfire, Conjure Flame and Inner Flame
                  | to your library.
  1666 | D:3      | You pick up a book of the Earth {forbidden} and begin
                  | reading...
  1666 | D:3      | You add the spells Stone Arrow, Bolt of Magma and Shatter
                  | to your library.
  1847 | D:3      | Reached XP level 5. HP: 44/44 MP: 5/5
  1859 | D:3      | HP: 11/44 [poisoned by a gnoll]
  1864 | D:3      | HP: 7/44 [frozen (2)]
  2344 | D:3      | Noticed Grinder
  2356 | D:3      | HP: 10/44 [Grinder (4)]
  2357 | D:3      | HP: 2/44 [Grinder (6)]
  2360 | D:3      | Slain by Grinder

Vanquished Creatures
  A hound (D:3)
  2 adders (D:2)
  4 gnolls (D:3)
  3 dart slugs
  8 endoplasms
  3 giant cockroaches
  5 goblins
  3 hobgoblins
  15 jackals
  6 kobolds
  A quokka (D:2)
  3 ball pythons
  6 bats
  2 frilled lizards
  10 rats
72 creatures vanquished.

Vanquished Creatures (others)
  A plant (D:2)
1 creature vanquished.

Grand Total: 73 creatures vanquished

Table legend:
 A = Non-vault XP
 B = Vault XP
 C = Vault XP percentage of total XP
 D = Non-vault monster count
 E = Vault monster count
 F = Vault count percentage of total count
                 A         B        C        D         E       F
            +---------+---------+-------+---------+---------+-------
      Total |     237 |       4 |   1.7 |      70 |       2 |   2.8
            +---------+---------+-------+---------+---------+-------
        D:1 |      52 |       0 |   0.0 |      30 |       0 |   0.0
        D:2 |      56 |       4 |   6.7 |      19 |       2 |   9.5
        D:3 |     129 |       0 |   0.0 |      21 |       0 |   0.0
            +---------+---------+-------+---------+---------+-------

Illustrated notes

Table legend:
 A = Kills in this place as a percentage of kills in entire the game.
 B = Kills by you in this place as a percentage of kills by you in the entire game.
 C = Kills by friends in this place as a percentage of kills by friends in the entire game.
 D = Other kills in this place as a percentage of other kills in the entire game.
 E = Experience gained in this place as a percentage of experience gained in the entire game.
 F = Experience gained in this place divided by the number of levels of this place that you have seen.
                   A       B       C       D       E      F
               +-------+-------+-------+-------+-------+----------------------
         Total | 100.0 | 100.0 |   N/A |   N/A | 100.0 |  80.3
       Dungeon | 100.0 | 100.0 |   N/A |   N/A | 100.0 |  80.3
               +-------+-------+-------+-------+-------+----------------------

Table legend: (Time is in decaauts)
 A = Elapsed time spent in this place.
 B = Non-inter-level travel time spent in this place.
 C = Inter-level travel time spent in this place.
 D = Time resting spent in this place.
 E = Time spent auto-exploring this place.
 F = Levels seen in this place.
 G = Mean time per level.
                   A        B        C        D        E       F      G
               +--------+--------+--------+--------+--------+-----+--------+
         Total |   2459 |   2395 |     64 |    842 |   1227 |   3 |  819.7 |
       Dungeon |   2459 |   2395 |     64 |    842 |   1227 |   3 |  819.7 |
               +--------+--------+--------+--------+--------+-----+--------+

Top non-repeatable levels by time:
     D:3: 900 daAuts
     D:1: 866 daAuts
     D:2: 692 daAuts
